 Dungeon Crawl Stone Soup version 0.20.1-1-g8b1a95d (webtiles) character file.

291 equalderp2856 the Chopper (level 6, -2/47 HPs)
             Began as a Mummy Fighter on Oct 28, 2017.
             Slain by hilaritas's ghost (9 damage)
             ... on level 3 of the Dungeon.
             The game lasted 00:05:07 (3333 turns).

equalderp2856 the Chopper (Mummy Fighter)           Turns: 3333, Time: 00:05:07

Health: -2/47      AC:  6    Str: 19    XL:     6   Next: 10%
Magic:  8/8        EV:  7    Int:  9    God:
Gold:   158        SH:  9    Dex: 12    Spells: 8/8 levels left

rFire    x . .     SeeInvis .   a - +0 war axe
rCold    + . .     Gourm    .   c - +0 shield
rNeg     + + +     Faith    .   b - +0 scale mail
rPois    ∞         Spirit   .   (no helmet)
rElec    .         Reflect  .   (no cloak)
rCorr    .         Harm     .   (no gloves)
MR       .....                  (no boots)
Stlth    ..........             (no amulet)
Regen    0.2/turn               (no ring)
MPRegen  0.2/turn               (no ring)

@: no status effects
A: no food or potions, fire vulnerability, cold resistance 1, negative energy
resistance 3, torment resistance, unbreathing
a: no special abilities


You were on level 3 of the Dungeon.
You were not hungry.

You visited 1 branch of the dungeon, and saw 4 of its levels.

You collected 158 gold pieces.

Inventory:

Hand Weapons
 a - a +0 war axe (weapon)
Armour
 b - a +0 scale mail (worn)
 c - a +0 shield (worn)
Scrolls
 d - 2 scrolls of immolation {unknown}
 e - 2 scrolls of identify {unknown}
 f - 2 scrolls of amnesia {unknown}
 g - 2 scrolls of enchant armour {unknown}
 h - a scroll of recharging {unknown}


   Skills:
 + Level 3.4 Fighting
 * Level 3.8 Axes
 + Level 3.0 Armour
 + Level 1.0 Dodging
 + Level 3.2 Shields
 * Level 1.7 Spellcasting


You had 8 spell levels left.
You didn't know any spells.

Dungeon Overview and Level Annotations

Branches:
Dungeon (4/15)
 Temple: D:4-7

Altars:
Gozag

Annotations:
D:3 hilaritas's ghost, weakling CeFi


Innate Abilities, Weirdness & Mutations

You do not eat or drink.
Your flesh is vulnerable to fire.
You are immune to poison.
Your flesh is cold resistant. (rC+)
You are immune to negative energy. (rN+++)
You are immune to unholy pain and torment.
You can survive without breathing.


Message History

You block hilaritas's ghost's attack. Hilaritas's ghost closely misses you.
There is a stone staircase leading down here.
You see here a stone.
Hilaritas's ghost barely misses you.
Things that are here:
a stone; a whip; a kobold corpse You see here 3 stones.
Hilaritas's ghost barely misses you. You block hilaritas's ghost's attack.
The orc priest looks braver for a moment.
Hilaritas's ghost hits you! Hilaritas's ghost barely misses you.
The orc priest calls down the wrath of Beogh upon you.
Beogh smites you!
* * * LOW HITPOINT WARNING * * *
Hilaritas's ghost completely misses you.
There is an open door here.
The orc priest casts a cantrip, but nothing happens.
Hilaritas's ghost hits you!
You die...

...# #......# #.........#
...####......########.........#
.....[((.......... .'.........+
...####.....##### #.........#
...# ###...#########.........#
..o######.o.#.................#
......o..o..'.................#
.############.................#
.# #..W@.............# .#
#..[.....#######'#### .#
#........# #........ .#
#........## #........ .#
#.........# #........ .#
#.........# #........ .#
#.........###).......
#).......(...........
#...................>


You could see an orc priest, hilaritas's ghost and an orc.

Vanquished Creatures
  Jessica (D:2)
  Terence (D:2)
  2 orc wizards (D:3)
  2 gnolls (D:2)
  7 adders
  An ooze (D:3)
  A worm (D:2)
  A dart slug (D:2)
  8 orcs (D:3)
  6 giant cockroaches
  7 goblins
  9 hobgoblins
  10 jackals (D:2)
  3 quokkas
  A ball python (D:2)
  9 bats
  3 frilled lizards
  8 kobolds
  8 rats
88 creatures vanquished.

Notes
Turn   | Place    | Note
-------+----------+-------------------------------------------
     0 | D:1      | equalderp2856 the Mummy Fighter began the quest for the Orb.
     0 | D:1      | Reached XP level 1. HP: 18/18 MP: 1/1
   200 | D:1      | Reached XP level 2. HP: 20/24 MP: 2/2
  1147 | D:2      | Noticed Terence
  1373 | D:2      | Reached XP level 3. HP: 20/29 MP: 3/3
  1955 | D:2      | Reached XP level 4. HP: 34/35 MP: 4/4
  1989 | D:2      | Killed Terence
  1989 | D:2      | Reached skill level 1 in Spellcasting
  2398 | D:2      | Reached XP level 5. HP: 38/41 MP: 7/7
  2487 | D:2      | Noticed Jessica
  2495 | D:2      | Killed Jessica
  2892 | D:3      | Found an opulent altar of Gozag.
  2957 | D:3      | Reached skill level 1 in Dodging
  3287 | D:3      | Noticed hilaritas's ghost (weakling CeFi)
  3296 | D:3      | Reached XP level 6. HP: 29/47 MP: 8/8
  3333 | D:3      | Slain by hilaritas's ghost

Skill      XL: |  1  2  3  4  5 |
---------------+----------------+-----
Axes           | 2 3 |  3.8
Shields        | 3 |  3.2
Spellcasting   | 1 |  1.7
Dodging        | 1 |  1.0
Armour         | 3 |  3.0
Fighting       | |  3.4

Action                   |  1- 3 |  4- 6 || total
-------------------------+-------+-------++-------
Melee: War axe           |   182 |   197 ||   379
Armor: Scale mail        |    96 |    97 ||   193
Dodge: Dodged            |    78 |    58 ||   136
Block: Shield            |   126 |   107 ||   233
